 Seeded DCSS version 0.30-a0-913-g9934a0ce24 (webtiles) character file.

Game seed: 13605347439462872262 (custom seed)

6800 tkbsonic5 the Fighter (level 11, -1/75 HPs)
             Began as a Djinni Chaos Knight on Mar 20, 2023.
             Was a Plaything of Xom.
             Slain by an acid dragon (6 damage)
             ... on level 9 of the Dungeon.
             The game lasted 00:31:48 (9360 turns).

tkbsonic5 the Fighter (Djinni Chaos Knight)         Turns: 9360, Time: 00:31:50

Health: -1/75      AC:  2    Str: 15      XL:     11   Next: 25%
Gold:   343        EV:  7    Int: 13      God:    Xom [*.....] SH:  0 Dex: 10 (14)

rFire   + + +      SeeInvis +    d - +6 great sword (flame)
rCold   x . .      Faith    .    (shield currently unavailable)
rNeg    . . .      Spirit   .    f - +0 chain mail
rPois   ∞          Reflect  .    (helmet restricted)
rElec   .          Rampage  .    (no cloak)
rCorr   .                        q - +0 pair of gloves
Will    +++..                    (boots unavailable) Stlth
                                 (no amulet)
HPRegen 0.32/turn                n - ring of see invisible
MPRegen 0.00/turn                w - ring of willpower

@: corroded, flying, unable to drink
A: sickness immunity, fire resistance 3, cold vulnerability 1, float, innate
caster, HP casting, extra vitality 1, horns 1, frail 1, strong-willed 1,
mutation resistance 1, screaming 1, inability to drink after injury 2
a: Renounce Religion


You were on level 9 of the Dungeon.
You worshipped Xom.
You were a special plaything of Xom.
You visited 1 branch of the dungeon, and saw 9 of its levels.

You collected 406 gold pieces.
You spent 63 gold pieces at shops.

Inventory:

Hand Weapons
 a - a +1 falchion of chaos
 d - a +6 great sword of flaming (weapon)
 j - the +7 falchion of Disgust {speed, rCorr}
   (You found it on level 4 of the Dungeon)

   rCorr:     It protects you from acid and corrosion.
 B - a +3 spear
 D - a +4 war axe
Missiles
 u - 2 silver javelins (quivered)
 x - 9 boomerangs
 C - 8 poisoned darts
Armour
 b - a +2 leather armour
 f - a +0 chain mail (worn)
 q - a +0 pair of gloves (worn)
 s - a +0 pair of gloves
Magical Staves
 y - a staff of fire
Jewellery
 n - a ring of see invisible (left hand)
 r - the ring "Obusor" {Drain rC+++ rN+ Str-5 SInv}
   (You found it on level 7 of the Dungeon)

   [ring of positive energy]

   Str:       It affects your strength (-5).
   rC:        It renders you almost immune to cold.
   rN:        It protects you from negative energy.
   SInv:      It lets you see invisible.
   Drain:     It drains your maximum health when unequipped.
 w - a ring of willpower (right hand)
Scrolls
 e - a scroll of identify
Potions
 g - a potion of heal wounds
 k - a potion of brilliance
 l - a potion of cancellation
 v - 4 potions of curing
Miscellaneous
 c - a piece from Xom's chessboard (2/15)


   Skills:
 * Level 9.3 Fighting
 * Level 8.6 Long Blades
 * Level 6.5 Throwing
 * Level 3.8 Armour
 * Level 4.7 Dodging
 - Level 2.0 Spellcasting
 - Level 4.1 Evocations


You knew the following spells:

 Your Spells              Type           Power      Damage    Failure   Level
a - Apportation           Tloc           12%        N/A       91%         1
b - Momentum Strike       Conj/Tloc      12%        3d8       97%         2
c - Ignite Poison         Fire/Tmut/Pois 6%         N/A       99%         3
d - Dazzling Flash        Conj/Hex       12%        N/A       99%         3
e - Borgnjor's Vile Clut  Necr/Erth      3%         N/A       100%        5
Your spell library was empty.


Dungeon Overview and Level Annotations

Branches:
Dungeon (9/15)             Temple (0/1) D:5
   Lair: D:8-11         Orc: D:9-12

Altars:
Dithmenos
Elyvilon
Gozag
Hepliaklqana
Trog
Wu Jian
Xom
Yredelemnul
Zin

Shops:
D:1 (   D:2 [


Innate Abilities, Weirdness & Mutations

You are immune to sickness and miasma.
You are immune to poison.
Your flesh is almost immune to the effects of heat. (rF+++)
You are vulnerable to cold. (rC-)
You float through the air rather than walking.
You learn spells naturally, not from books.
Your magical power is your life essence.
You have superior vitality. (+4 MHP)
You have a pair of small horns on your head.
You are frail. (-10% HP)
You are strong-willed. (Will+)
You are somewhat resistant to further mutation.
You occasionally shout uncontrollably at your foes.
You sometimes lose the ability to drink potions when taking damage.


Message History

You barely miss the acid dragon.
You headbutt the acid dragon, but do no damage.
The acid dragon is lightly wounded.
The acid dragon bites you!
You feel threatened and lose the ability to drink potions!
The acid dragon claws you but does no damage.
You closely miss the acid dragon. Your headbutt misses the acid dragon.
The acid dragon is lightly wounded.
The acid dragon bites you. The acid dragon claws you.
You barely miss the acid dragon.
The acid dragon is lightly wounded.
The acid dragon spits acid at you. The splash of acid hits you!!
The acid corrodes you!
You are too injured to fight recklessly!
You are too injured to fight recklessly!
You are too injured to fight recklessly!
You cannot drink potions in your current state!
Okay, then.
Okay, then.
Okay, then.
You barely miss the acid dragon. You headbutt the acid dragon.
The acid dragon is lightly wounded.
The acid dragon completely misses you. The acid dragon claws you.
The acid dragon bites you. The acid dragon claws you.
You hit the acid dragon but do no damage.
The acid dragon is lightly wounded.
The acid dragon bites you.
* * * LOW HITPOINT WARNING * * *
The acid dragon closely misses you.
Okay, then.
Okay, then.
You can't see any enemies this would affect, really read the scroll of poison?
The air fills with toxic fumes!
As you read the scroll of poison, it crumbles to dust.
The acid dragon bites you!
* * * LOW HITPOINT WARNING * * *
The acid dragon closely misses you.
The acid dragon attacks as you move away!
The acid dragon bites you.
You die...

..#.###'#####.#...#..............
..#.#.......#.#§§§#..............
>.+.#.......#)#§§§#.###+####.####
..#.#.......#.#§§§#.# #.#...
..#.#....!..#.#§§§#.# #.#...
###.#.......#.#§§§#.# #.'...
....#.......#§##§##§# #.#...
....#.......#§§§D§§§#### #.###.
#...#########§§§@§§§§§§#####...#.
#........§§§§§§§§§§§§§§§.......##
#........#########§§§§§§.........
#........# #§§§######...###
####.....# #.§§#....#...##_
...#.....# #.§§#....#...##'
...+.....# #..§#.>..#...#..
####.....#########..§#'####...#..
..........[...................#..


You could see an acid dragon.

Vanquished Creatures
  A two-headed ogre (D:9)
  A shadow (D:7)
  17 yaks
  2 steam dragons
  Menkaure (D:7)
  Duvessa (D:6)
  2 water moccasins
  2 orc warriors
  An ice beast (D:7)
  A sky beast (D:8)
  3 ogres
  A centaur (D:9)
  A phantom (D:5)
  3 kobold brigands
  3 bullfrogs
  7 scorpions
  4 wights (D:7)
  Dowan (D:6)
  A killer bee (D:9)
  2 jellies
  6 hounds
  3 orc priests
  5 orc wizards
  A sleepcap (D:7)
  3 iguanas
  Terence (D:2)
  5 gnolls
  3 adders
  A shadow imp (D:7)
  A worm (D:3)
  2 dart slugs
  23 orcs
  9 ball pythons
  3 bats
  10 endoplasms
  4 giant cockroaches
  13 goblins
  6 hobgoblins
  6 jackals
  17 kobolds
  5 quokkas
  2 frilled lizards
  4 rats
188 creatures vanquished.

Vanquished Creatures (collateral kills)
  A yak (D:9)
  4 killer bees (D:9)
  3 gnolls (D:9)
  An orc (D:9)
  A goblin (D:2)
  A rat (D:2)
11 creatures vanquished.

Vanquished Creatures (others)
  A wyvern (D:9)
  A yak (D:9)
  A gnoll sergeant (D:9)
  A killer bee (D:9)
  3 fungi (D:9)
  5 plants (D:8)
12 creatures vanquished.

Grand Total: 211 creatures vanquished

Notes
Turn   | Place    | Note
-------+----------+-------------------------------------------
     0 | D:1      | tkbsonic5 the Djinni Chaos Knight began the quest for the
                  | Orb.
     0 | D:1      | Reached XP level 1. HP: 20/20 MP: 0/0
    60 | D:1      | XOM: silly message
   154 | D:1      | Found Lexawi's Antique Weapon Emporium.
   190 | D:1      | Reached XP level 2. HP: 21/25 MP: 0/0
   193 | D:1      | XOM: silly message
   305 | D:1      | XOM: silly message
   330 | D:1      | Found a faded altar of an unknown god.
   330 | D:1      | Noticed a Hell Sentinel
   566 | D:1      | Reached XP level 3. HP: 29/30 MP: 0/0
   566 | D:1      | Learned a level 1 spell: Apportation
   677 | D:1      | XOM: give mutations
   677 | D:1      | Gained mutation: You are frail. (-10% HP) [Xom's mischief]
   677 | D:1      | Gained mutation: You are very frail. (-20% HP) [Xom's
                  | mischief]
   677 | D:1      | Gained mutation: You are dopey. (Int -2) [Xom's mischief]
  1041 | D:2      | Noticed Terence
  1044 | D:2      | XOM: smoke on damage
  1047 | D:2      | Killed Terence
  1048 | D:2      | Reached XP level 4. HP: 16/28 MP: 0/0
  1566 | D:2      | Identified a scroll of acquirement
  1566 | D:2      | Acquired a +6 great sword of electrocution
  1766 | D:2      | Found Osumy's Armour Boutique.
  1773 | D:2      | Bought a +0 helmet for 63 gold pieces
  1901 | D:3      | XOM: stealth player
  2089 | D:3      | XOM: scenery: create altars
  2098 | D:3      | Reached XP level 5. HP: 29/32 MP: 0/0
  2098 | D:3      | Learned a level 2 spell: Momentum Strike
  2410 | D:3      | Found a shadowy altar of Dithmenos.
  2530 | D:4      | Reached skill level 4 in Fighting
  2697 | D:4      | Reached skill level 1 in Evocations
  2697 | D:4      | Reached XP level 6. HP: 23/37 MP: 0/0
  2711 | D:4      | XOM: cast spell 'Necromutation'
  2724 | D:4      | XOM: god gift: 3 silver javelins
  2807 | D:4      | Reached skill level 1 in Throwing
  2921 | D:4      | XOM: scenery: create altars
  3000 | D:4      | Identified the +7 falchion of Disgust {speed, rCorr}
  3007 | D:4      | Reached XP level 7. HP: 39/42 MP: 0/0
  3007 | D:4      | Learned a level 3 spell: Ignite Poison
  3035 | D:4      | XOM: 9-stop teleportation journey
  3057 | D:4      | XOM: summons 4 hostile shadow creatures
  3320 | D:5      | Entered Level 5 of the Dungeon
  3349 | D:5      | XOM: butterfly on damage
  3512 | D:5      | Reached skill level 5 in Fighting
  3575 | D:5      | XOM: enchant monster (bad)
  3634 | D:5      | Found a glowing silver altar of Zin.
  3684 | D:5      | Reached skill level 5 in Long Blades
  3684 | D:5      | Reached XP level 8. HP: 48/48 MP: 0/0
  3719 | D:5      | XOM: noise
  3920 | D:5      | XOM: cloud trail
  3966 | D:5      | Found a staircase to the Ecumenical Temple.
  4048 | D:6      | Lost mutation: You are dopey. (Int -2) [potion of mutation]
  4048 | D:6      | Lost mutation: You are very frail. (-20% HP) [potion of
                  | mutation]
  4048 | D:6      | Gained mutation: You have hidden genetic potential. [potion
                  | of mutation]
  4048 | D:6      | Gained mutation: Your flesh is almost immune to the effects
                  | of heat. (rF+++) [potion of mutation]
  4056 | D:6      | Noticed Dowan
  4060 | D:6      | Noticed Duvessa
  4066 | D:6      | Killed Dowan
  4067 | D:6      | Reached skill level 6 in Fighting
  4067 | D:6      | XOM: fog
  4079 | D:6      | Killed Duvessa
  4099 | D:6      | Found a bloodstained altar of Trog.
  4150 | D:6      | Found a hazy altar of Hepliaklqana.
  4211 | D:6      | XOM: summons 5 hostile demons
  4465 | D:6      | Found an ornate altar of the Wu Jian Council.
  4624 | D:6      | Reached XP level 9. HP: 53/60 MP: 0/0
  4624 | D:6      | Learned a level 3 spell: Dazzling Flash
  4727 | D:7      | Identified the ring "Obusor" {Drain rC+++ rN+ Str-5 SInv}
  4757 | D:7      | XOM: butterfly on damage
  4767 | D:7      | XOM: confusion
  4783 | D:7      | Reached skill level 7 in Fighting
  4783 | D:7      | Gained mutation: You have supernaturally acute eyesight.
                  | (SInv) [hidden potential]
  5033 | D:7      | XOM: god gift: wand of roots (4)
  5245 | D:7      | Found a white marble altar of Elyvilon.
  5248 | D:7      | XOM: god gift: wand of light (5)
  5257 | D:7      | Noticed Menkaure
  5264 | D:7      | Killed Menkaure
  5375 | D:7      | XOM: 1-stop teleportation journey
  5517 | D:7      | XOM: chaos upgrade
  5541 | D:7      | Reached skill level 5 in Throwing
  5658 | D:7      | XOM: chaos cloud
  5666 | D:7      | XOM: enchant monster (bad)
  5668 | D:7      | XOM: chaos cloud
  5670 | D:7      | XOM: smoke on damage
  5894 | D:7      | XOM: give mutation
  5894 | D:7      | Gained mutation: You occasionally lose the ability to drink
                  | potions when taking damage. [Xom's mischief]
  6100 | D:7      | XOM: noise
  6101 | D:7      | XOM: cast spell 'Cause Fear'
  6449 | D:8      | Lost mutation: You have supernaturally acute eyesight.
                  | (SInv) [potion of mutation]
  6449 | D:8      | Lost mutation: You occasionally lose the ability to drink
                  | potions when taking damage. [potion of mutation]
  6449 | D:8      | Gained mutation: You have a pair of small horns on your
                  | head. [potion of mutation]
  6462 | D:8      | XOM: confuse monster(s)
  6469 | D:8      | Reached XP level 10. HP: 68/68 MP: 0/0
  6485 | D:8      | Reached skill level 8 in Fighting
  6503 | D:8      | Gained mutation: Your mind is acute. (Int +4, Str/Dex -1)
                  | [hidden potential]
  6503 | D:8      | Lost mutation: You have hidden genetic potential. [hidden
                  | potential expressed]
  6530 | D:8      | XOM: scenery: summon butterflies
  6543 | D:8      | XOM: summons friendly crimson imp
  6585 | D:7      | XOM: divination: magic mapping
  6875 | D:7      | XOM: stat loss: -1 Int (16/17)
  6877 | D:8      | XOM: confusion
  6882 | D:8      | XOM: draining
  6903 | D:8      | XOM: give mutations
  6903 | D:8      | Lost mutation: You are frail. (-10% HP) [Xom's mischief]
  6903 | D:8      | Lost mutation: Your mind is acute. (Int +4, Str/Dex -1)
                  | [Xom's mischief]
  7167 | D:8      | XOM: summons 6 hostile demons
  7794 | D:9      | XOM: give mutations
  7794 | D:9      | Gained mutation: You occasionally lose the ability to drink
                  | potions when taking damage. [Xom's mischief]
  7794 | D:9      | Gained mutation: Your body sometimes deteriorates upon
                  | taking damage. [Xom's mischief]
  7794 | D:9      | Gained mutation: You are frail. (-10% HP) [Xom's mischief]
  7951 | D:9      | Reached skill level 1 in Spellcasting
  8002 | D:9      | Found an opulent altar of Gozag.
  8008 | D:9      | Found an opulent altar of Gozag.
  8013 | D:9      | Found an opulent altar of Gozag.
  8035 | D:9      | HP: 2/69 [wyvern (15)]
  8361 | D:9      | XOM: cast spell 'Death Channel'
  8388 | D:9      | a yak changed into a fire crab
  8388 | D:9      | Noticed a fire crab
  8388 | D:9      | XOM: polymorph yak -> fire crab
  8517 | D:8      | XOM: give mutations
  8517 | D:8      | Gained mutation: You are agile. (Dex +4, Str/Int -1) [Xom's
                  | grace]
  8517 | D:8      | Gained mutation: You are strong-willed. (Will+) [Xom's
                  | grace]
  8517 | D:8      | Gained mutation: You are somewhat resistant to further
                  | mutation. [Xom's grace]
  8549 | D:9      | Noticed a two-headed ogre
  8552 | D:9      | XOM: butterfly on damage
  8553 | D:9      | Killed a two-headed ogre
  8554 | D:9      | Reached skill level 9 in Fighting
  8554 | D:9      | Reached XP level 11. HP: 29/75 MP: 0/0
  8554 | D:9      | Learned a level 5 spell: Borgnjor's Vile Clutch
  8569 | D:9      | XOM: summons 6 hostile demons
  8576 | D:8      | XOM: give mutations
  8576 | D:8      | Lost mutation: Your body sometimes deteriorates upon taking
                  | damage. [Xom's mischief]
  8576 | D:8      | Lost mutation: You are agile. (Dex +4, Str/Int -1) [Xom's
                  | mischief]
  8576 | D:8      | Gained mutation: You sometimes lose the ability to drink
                  | potions when taking damage. [Xom's mischief]
  8576 | D:8      | Gained mutation: You occasionally shout uncontrollably at
                  | your foes. [Xom's mischief]
  8891 | D:9      | Found an opulent altar of Gozag.
  8924 | D:9      | Found a basalt altar of Yredelemnul.
  9028 | D:9      | XOM: noise
  9134 | D:9      | XOM: 8-stop teleportation journey
  9360 | D:9      | Slain by an acid dragon

Illustrated notes

Levels and vault maps discovered:
D:1:      kilobyte_arrival_exit_the_forest, layout_loops_corners, serial_shops,
          shop_fountains, dreamdust_ecumenical_altar_sealed_demon
D:2:      layout_loops_cross, serial_shops, shop, grunt_ministairs_5,
          minmay_misc_feat_iff, uniq_terence
D:3:      layout_basic, general_overflow_altar
D:4:      layout_basic, grunt_ministairs_2
D:5:      layout_loops_ring, zin_treasury, minmay_temple_entry_butterflies
D:6:      layout_rooms, mainiacjoe_overflow_tiny_flanked,
          nicolae_wu_jian_glorious_leap, trog_butcher_becter, uniq_duvessa
D:7:      layout_loops_ring, nicolae_elyvilon_peaceful_grove, grunt_potential,
          uniq_menkaure
D:8:      layout_loops_ring, enter_bailey_4, kennysheep_boxes
D:9:      layout_irregular_city, nicolae_gozag_conspicuous_consumption,
          lemuel_blue_sif_altar, mainiacjoe_overflow_chevrons

Skill      XL: |  1  2  3  4  5  6  7  8  9 10 11 |
---------------+----------------------------------+-----
Long Blades    | 3 4 5 6 7 8 |  8.6
Armour         | 2 3 |  3.8
Dodging        | 3 4 |  4.7
Fighting       | 4 5 6 7 9 |  9.3
Evocations     | 1 3 4 |  4.1
Throwing       | 1 2 4 5 6 |  6.5
Spellcasting   | 2 |  2.0

Action                     |  1- 3 |  4- 6 |  7- 9 | 10-12 || total
---------------------------+-------+-------+-------+-------++-------
  Melee: Falchion          |    53 |    41 |   174 |       ||   268
         Punch             |     1 |       |     2 |       ||     3
         Great sword       |       |    81 |    21 |   143 ||   245
         Headbutt          |       |       |       |    26 ||    26
  Throw: Javelin           |       |    10 |    13 |     5 ||    28
         Dart              |       |     4 |    10 |    11 ||    25
         Boomerang         |       |       |     3 |     1 ||     4
   Cast: Momentum Strike   |       |       |       |     5 ||     5
  Evoke: Piece from Xom's  |     5 |    16 |    14 |     3 ||    38
         Wand              |       |       |    12 |     9 ||    21
    Use: Scroll            |       |     8 |    13 |     3 ||    24
         Potion            |       |     3 |    17 |     6 ||    26
   Stab: Petrified         |       |     6 |     1 |       ||     7
         Petrifying        |       |     1 |       |       ||     1
         Invisible         |       |       |     3 |       ||     3
         Paralysed         |       |       |     1 |       ||     1
 Armour: Leather armour    |    11 |       |       |    27 ||    38
         Chain mail        |    14 |   103 |   108 |    83 ||   308
         Skin              |       |       |     4 |       ||     4
  Dodge: Dodged            |    18 |    46 |    52 |   108 ||   224

Table legend: (Time is in decaauts)
 A = Elapsed time spent in this place.
 B = Non-inter-level travel time spent in this place.
 C = Inter-level travel time spent in this place.
 D = Time resting spent in this place.
 E = Time spent auto-exploring this place.
 F = Levels seen in this place.
 G = Mean time per level.
                   A        B        C        D        E       F      G
               +--------+--------+--------+--------+--------+-----+--------+
         Total |   9403 |   9052 |    351 |   1493 |   5977 |   9 | 1044.8 |
       Dungeon |   9403 |   9052 |    351 |   1493 |   5977 |   9 | 1044.8 |
               +--------+--------+--------+--------+--------+-----+--------+

Top non-repeatable levels by time:
     D:7: 1937 daAuts
     D:8: 1725 daAuts
     D:1: 1217 daAuts
     D:9: 1019 daAuts
     D:4: 856 daAuts
     D:5: 715 daAuts
     D:2: 712 daAuts
     D:3: 623 daAuts
     D:6: 595 daAuts
